 Dungeon Crawl Stone Soup version 0.31-a0-875-g02e7d12df6 (webtiles) character file.

Game seed: 6110575619911962128

391 lonewolfV2 the Shield-Bearer (level 7, -2/54 HPs)
             Began as a Formicid Fighter on Oct 12, 2023.
             Slain by a gnoll
             ... wielding a +0 spear
             ... led by a gnoll bouda
              (7 damage)
             ... on level 4 of the Dungeon.
             The game lasted 00:03:59 (3101 turns).

lonewolfV2 the Shield-Bearer (Formicid Fighter)     Turns: 3101, Time: 00:04:00

Health: -2/54      AC:  7    Str: 22    XL:     7   Next: 8%
Magic:  7/7        EV: 10    Int:  8    God:
Gold:   136        SH:  6    Dex: 13    Spells: 6/6 levels left

rFire   . . .        a - +0 war axe (venom)
rCold   . . .        c - +1 buckler
rNeg    . . .        b - +0 scale mail
rPois   .            (helmet unavailable)
rElec   .            (no cloak)
rCorr   .            (no gloves)
SInv    +            (no boots)
Will    .....        (no amulet) Stlth
                     (no ring)
HPRegen 0.29/turn    (no ring)
MPRegen 0.10/turn

%: no passive effects
@: weakened
A: permanent stasis, dig shafts and tunnels, antennae 3, four strong arms
a: Dig, Shaft Self


You were on level 4 of the Dungeon.
You visited 1 branch of the dungeon, and saw 4 of its levels.

You collected 136 gold pieces.

Inventory:

Hand Weapons
 a - a +0 war axe of venom (weapon)
Armour
 b - a +0 scale mail (worn)
 c - a +1 buckler (worn)
Scrolls
 e - 2 scrolls of immolation
 m - a scroll of fog
Potions
 d - a potion of enlightenment {unknown}
 f - a potion of curing {unknown}
 i - 5 potions of heal wounds {unknown}
 j - a potion of degeneration {unknown}
 o - a potion of mutation {unknown}


   Skills:
 + Level 4.2 Fighting
 + Level 4.9 Axes
 + Level 4.4 Armour
 + Level 1.5 Dodging
 + Level 0.3 Stealth
 + Level 5.1 Shields


You had 6 spell levels left.
You didn't know any spells.
Your spell library contained the following spells:

 Spells                   Type           Power      Damage    Failure   Level
 Sandblast                Erth           0%         2d4       80%         1
 Passwall                 Tmut/Erth      0%         N/A       90%         2
 Stone Arrow              Conj/Erth      0%         3d7       99%         3
 Brom's Barrelling Bould  Conj/Erth      0%         2d3       100%        4


Dungeon Overview and Level Annotations

Branches:
Dungeon (4/15)
 Temple: D:4-7

Altars:
Ashenzari

Shops:
D:4 *


Innate Abilities, Weirdness & Mutations

You cannot be hasted, slowed, berserked, paralysed or teleported.
You can dig through walls and to a lower floor.
You have a pair of large antennae on your head. (SInv)
Your four strong arms can wield two-handed weapons with a shield.


Message History

The gnoll barely misses you.
You hit the gnoll.
The gnoll is poisoned.
The gnoll is moderately wounded.
The gnoll hits you but does no damage. You block the gnoll's attack.
The gnoll barely misses you.
You slash the gnoll!
You kill the gnoll!
You block the gnoll's attack.
The gnoll hits you from afar with a +0 halberd.
The gnoll barely misses you. The gnoll barely misses you.
The gnoll closely misses you.
Things that are here:
a +0 whip; a gnoll corpse Unknown command.
The gnoll closely misses you.
Things that are here:
a +0 whip; a gnoll corpse The gnoll is no longer moving quickly.
The gnoll hits you from afar with a +0 spear.
The gnoll closely misses you.
You hit the gnoll bouda.
The gnoll bouda is poisoned.
The gnoll bouda is lightly wounded.
You block the gnoll's attack.
The gnoll bouda gazes fiercely through you!
You feel your attacks grow feeble.
The gnoll bouda hits you but does no damage.
The gnoll hits you from afar with a +0 halberd.
You hit the gnoll bouda.
The gnoll bouda is heavily wounded.
The gnoll is no longer moving quickly.
You block the gnoll's attack. x2
The gnoll barely misses you. The gnoll bouda barely misses you.
The gnoll misses you. The gnoll hits you with a +0 spear.
* * * LOW HITPOINT WARNING * * *
The gnoll bouda hits you with a +0 club.
* * * LOW HITPOINT WARNING * * *
The gnoll hits you with a +0 halberd.
* * * LOW HITPOINT WARNING * * *
The gnoll hits you from afar with a +0 spear!
You die...

#.#.......).).....#
#.................#
#..$.........######
###.#........##..#
......)......###...
.....gS..S...# .###
...<.####gg### ∩.
.....####.## #.#
..)...).g@#
.....###### ... .


You could see a gnoll bouda (very poisoned), 2 gnolls and an adder.

Vanquished Creatures
  An ice beast (D:3)
  2 jellies (D:4)
  Jessica (D:3)
  Terence (D:2)
  Robin (D:2)
  5 gnolls
  3 adders
  5 dart slugs
  3 orcs
  5 endoplasms
  5 giant cockroaches
  13 goblins
  10 hobgoblins
  4 jackals (D:1)
  11 kobolds
  3 quokkas
  9 ball pythons
  6 bats
  2 frilled lizards
  3 rats (D:3)
93 creatures vanquished.

Vanquished Creatures (others)
  A kobold (D:2)
1 creature vanquished.

Grand Total: 94 creatures vanquished

Notes
Turn   | Place    | Note
-------+----------+-------------------------------------------
     0 | D:1      | lonewolfV2 the Formicid Fighter began the quest for the
                  | Orb.
     0 | D:1      | Reached XP level 1. HP: 18/18 MP: 1/1
   101 | D:1      | Reached XP level 2. HP: 24/24 MP: 2/2
   235 | D:1      | Reached XP level 3. HP: 24/29 MP: 3/3
   909 | D:2      | Reached XP level 4. HP: 15/37 MP: 4/4
   915 | D:2      | Noticed Robin
   916 | D:2      | HP: 1/37 [gnoll/+0 club (1)]
   919 | D:2      | You fall into a shaft and drop 1 floor!
  1298 | D:2      | Killed Robin
  1299 | D:2      | Reached XP level 5. HP: 35/42 MP: 5/5
  1573 | D:2      | Noticed Terence
  1583 | D:2      | Killed Terence
  1782 | D:2      | Reached skill level 1 in Dodging
  2066 | D:3      | Noticed an ice beast
  2081 | D:3      | Killed an ice beast
  2082 | D:3      | Reached XP level 6. HP: 31/48 MP: 6/6
  2341 | D:3      | Found a faded altar of an unknown god.
  2384 | D:3      | Noticed Jessica
  2388 | D:3      | Killed Jessica
  2483 | D:3      | Reached skill level 5 in Shields
  2835 | D:3      | Found a broken altar of Ashenzari.
  3052 | D:4      | Found Qumeungi's Assorted Antiques.
  3072 | D:4      | Reached XP level 7. HP: 39/54 MP: 7/7
  3101 | D:4      | Slain by a gnoll

Illustrated notes

Levels and vault maps discovered:
D:1:      nagdon_arrival_double_spiral, layout_rooms
D:2:      layout_loops_ring, uniq_terence, uniq_robin
D:3:      layout_basic, nicolae_ashenzari_skybound, basic_ecumenical_altar,
          kennysheep_jessica_study
D:4:      layout_rooms, serial_shops, shop, minmay_misc_feat_pillars

Skill      XL: |  1  2  3  4  5  6 |
---------------+-------------------+-----
Axes           | 3 4 |  4.9
Armour         | 4 |  4.4
Dodging        | 1 |  1.5
Fighting       | 4 |  4.2
Shields        | 5 |  5.1
Stealth        | |  0.3

Action                     |  1- 3 |  4- 6 |  7- 9 || total
---------------------------+-------+-------+-------++-------
  Melee: War axe           |    86 |   149 |     6 ||   241
Ability: Shaft Self        |       |     1 |       ||     1
    Use: Potion            |       |     1 |       ||     1
         Scroll            |       |    10 |       ||    10
 Armour: Scale mail        |    76 |   130 |    17 ||   223
  Dodge: Dodged            |    54 |    89 |    21 ||   164
  Block: Buckler           |    30 |    44 |    10 ||    84

Table legend: (Time is in decaauts)
 A = Elapsed time spent in this place.
 B = Non-inter-level travel time spent in this place.
 C = Inter-level travel time spent in this place.
 D = Time resting spent in this place.
 E = Time spent auto-exploring this place.
 F = Levels seen in this place.
 G = Mean time per level.
                   A        B        C        D        E       F      G
               +--------+--------+--------+--------+--------+-----+--------+
         Total |   3188 |   3082 |    106 |    572 |   1764 |   4 |  797.0 |
       Dungeon |   3188 |   3082 |    106 |    572 |   1764 |   4 |  797.0 |
               +--------+--------+--------+--------+--------+-----+--------+

Top non-repeatable levels by time:
     D:3: 1559 daAuts
     D:1: 836 daAuts
     D:2: 687 daAuts
     D:4: 105 daAuts
